 Dungeon Crawl Stone Soup version 0.21.1-1-g345015f (webtiles) character file.

12140 sking99 the Fighter (level 11, -7/142 HPs)
             Began as an Ogre Transmuter on June 20, 2018.
             Was a Believer of Ru.
             Mangled by a yak (11 damage)
             ... on level 1 of the Lair of Beasts on June 21, 2018.
             The game lasted 00:56:09 (13422 turns).

sking99 the Fighter (Ogre Transmuter)              Turns: 13422, Time: 00:56:09

Health: -7/142     AC:  6    Str: 16    XL:     11   Next: 88%
Magic:  18/18      EV: 13    Int: 16    God:    Ru [**....]
Gold:   597        SH:  0    Dex: 10    Spells: 5/20 levels left

rFire    x x .     SeeInvis .     - Unarmed
rCold    + + .     Gourm    .   (shield currently unavailable)
rNeg     . . .     Faith    .   (armour currently unavailable)
rPois    +         Spirit   .   (helmet currently unavailable)
rElec    .         Reflect  .   (cloak currently unavailable)
rCorr    .         Harm     .   (gloves unavailable)
MR       +....                  (boots unavailable)
Stlth    +.........             (no amulet)
HPRegen  0.33/turn              v - ring of poison resistance
MPRegen  0.16/turn              j - ring of wizardry

@: ice-form
A: large, unfitting armour, temperature sensitive
a: End Transformation, Renounce Religion


You were on level 1 of the Lair of Beasts.
You worshipped Ru.
Ru was pleased with you.
You were not hungry.
You were a creature of crystalline ice.
You visited 3 branches of the dungeon, and saw 12 of its levels.
You also visited: Ossuary.

You collected 667 gold pieces.
You spent 70 gold pieces at shops.

Inventory:

Missiles
 a - 142 arrows (quivered)
Armour
 b - a +1 robe
 B - a +0 hat (melded)
 K - a +2 robe of magic resistance (melded)
Magical Staves
 N - an uncursed staff of power (melded)
Jewellery
 j - a ring of wizardry (right front paw)
 s - a +3 ring of intelligence
 v - a ring of poison resistance (left front paw)
 I - a +2 ring of intelligence
 L - an uncursed ring of protection from cold
 M - a +3 ring of intelligence
Wands
 l - a wand of random effects (33)
 r - a wand of paralysis (14)
 x - a wand of disintegration (29)
 z - a wand of polymorph (27)
Scrolls
 h - 6 scrolls of identify
 m - 4 scrolls of immolation
 o - 8 scrolls of teleportation
 q - 3 scrolls of remove curse
 t - 2 scrolls of enchant armour
 D - 7 scrolls of amnesia
 F - 2 scrolls of magic mapping
Potions
 e - 3 potions of flight
 f - 4 potions of ambrosia
 g - 5 potions of haste
 i - 5 potions of degeneration
 k - 2 potions of mutation
 u - 3 potions of resistance
 w - 4 potions of might
 A - 2 potions of agility
 C - a potion of berserk rage
 E - 2 potions of curing
 G - 2 potions of brilliance
 H - a potion of heal wounds
Books
 c - a book of Changes

   Spells                             Type                      Level
   a - Beastly Appendage              Transmutation                1
   b - Sticks to Snakes               Transmutation                2
   c - Spider Form                    Transmutation/Poison         3
   d - Ice Form                       Ice/Transmutation            4
   e - Blade Hands                    Transmutation                5
 n - a book of Geomancy

   Spells                             Type                      Level
   a - Sandblast                      Earth                        1
   b - Passwall                       Transmutation/Earth          2
   c - Stone Arrow                    Conjuration/Earth            3
   d - Petrify                        Transmutation/Earth          4
   e - Lee's Rapid Deconstruction     Earth                        5
 p - a book of Misfortune

   Spells                             Type                      Level
   a - Confusing Touch                Hexes                        1
   b - Confuse                        Hexes                        3
   c - Gell's Gravitas                Translocation                3
   d - Petrify                        Transmutation/Earth          4
   e - Metabolic Englaciation         Hexes/Ice                    5
   f - Yara's Violent Unravelling     Hexes/Transmutation          5
 y - a book of Minor Magic

   Spells                             Type                      Level
   a - Magic Dart                     Conjuration                  1
   b - Blink                          Translocation                2
   c - Call Imp                       Summoning                    2
   d - Slow                           Hexes                        2
   e - Conjure Flame                  Conjuration/Fire             3
   f - Mephitic Cloud                 Conjuration/Poison/Air       3
 J - a book of Air

   Spells                             Type                      Level
   a - Shock                          Conjuration/Air              1
   b - Swiftness                      Charms/Air                   2
   c - Static Discharge               Conjuration/Air              3
   d - Airstrike                      Air                          4
   e - Lightning Bolt                 Conjuration/Air              5
Comestibles
 d - 16 rations
 O - 4 chunks of flesh


   Skills:
 + Level 10.8 Fighting
 * Level 2.1 Armour
 + Level 8.0 Dodging
 * Level 9.9 Unarmed Combat
 - Level 5.0 Spellcasting
 - Level 6.0 Transmutations
 - Level 5.0 Ice Magic
 - Level 1.7 Poison Magic


You had 5 spell levels left.
You knew the following spells:

 Your Spells              Type           Power        Failure   Level  Hunger
a - Ice Form              Ice/Tmut       ###.....     6%          4    ####...
b - Sticks to Snakes      Tmut           ###.....     1%          2    #......
c - Beastly Appendage     Tmut           ###...       1%          1    None
d - Spider Form           Tmut/Pois      ###.......   4%          3    ###....
e - Blade Hands           Tmut           ###.......   14%         5    ######.


Dungeon Overview and Level Annotations

Branches:
Dungeon (10/15)            Temple (1/1) D:7            Lair (1/6) D:9
    Orc (0/2) D:10

Altars:
Ashenzari
Cheibriados
Dithmenos
Elyvilon
Fedhas
Gozag
Hepliaklqana
Kikubaaqudgha
Makhleb
Nemelex Xobeh
Okawaru
Qazlal
Ru
Sif Muna
Trog
Uskayaw
Vehumet
Wu Jian
Xom
Yredelemnul
Zin
The Shining One

Shops:
D:4 !

Annotations:
D:8 exclusion: obsidian statue


Innate Abilities, Weirdness & Mutations

You are too large for most types of armour.
((You have tough skin. (AC +1)))
You are sensitive to extremes of temperature. (rF-, rC-)


Message History

The yak closely misses you.
You see here a scroll of amnesia.
The yak closely misses you.
You barely miss the yak. The yak misses you.
You punch the yak! You freeze the yak.
The yak is heavily wounded.
The yak gores you!
* * * LOW HITPOINT WARNING * * *
You hit the yak. You freeze the yak.
The yak is almost dead.
You pummel the yak!! You freeze the yak.
You kill the yak!
The yak gores you!
* * * LOW HITPOINT WARNING * * *
You hit the yak. You freeze the yak.
The yak is lightly wounded.
The yak gores you.
* * * LOW HITPOINT WARNING * * *
The yak gores you!
You die...

.......?.......
...............
................
#######...........
####.#####...#####.#+#
#.......#....#........
##.......#...Y.........
#........##.YY#........
##.......##..Y.........
#.......##......P≈P≈≈≈
#.......#....P...≈P≈≈≈
#P##P#.+#........≈P≈P≈
>..########..#.......≈≈P≈≈
........##.#..........≈P≈≈
....###...............≈P≈≈
#......>.#.........P≈≈≈≈
#.........#.......≈≈≈≈≈≈


You could see 3 yaks.

Vanquished Creatures
  2 two-headed ogres
  An unseen horror (D:10)
  Pikel (D:7)
  A manticore (D:8)
  A black mamba (Lair:1)
  Psyche (D:10)
  A centaur zombie (D:10)
  5 spiny frogs (Lair:1)
  A gargoyle (D:6)
  A hornet (D:10)
  A troll (D:9)
  Prince Ribbit (D:9)
  A hippogriff (D:7)
  9 yaks
  A wyvern (D:10)
  2 wraiths
  Edmund (D:6)
  A water moccasin (Lair:1)
  A porcupine (Lair:1)
  2 orc warriors
  3 slaves (D:7)
  2 black bears
  2 sky beasts
  A phantom (D:4)
  2 centaurs
  5 ogres
  3 crocodiles
  A big kobold (D:8)
  6 bullfrogs
  2 water moccasin zombies
  3 scorpions
  5 wights (D:8)
  3 killer bees (D:10)
  2 crimson imps (D:8)
  3 hounds
  5 jellies
  5 orc priests
  3 centaur skeletons
  2 human zombies (Ossuary)
  8 orc wizards
  An iguana (D:10)
  9 worker ants
  3 mummies (Ossuary)
  2 hound skeletons (D:6)
  3 worker ant zombies
  A howler monkey skeleton (D:5)
  13 adders
  A shadow imp (D:10)
  6 oozes
  2 adder zombies
  An adder skeleton (D:4)
  A worm (D:2)
  7 leopard geckos
  30 orcs
  5 giant cockroaches
  2 gnoll zombies (Ossuary)
  6 hobgoblins
  7 jackals (D:1)
  7 quokkas
  A ball python (D:4)
  5 bats
  7 frilled lizards
  4 goblins
  2 goblin zombies (Ossuary)
  3 hobgoblin zombies (Ossuary)
  15 kobolds
  3 kobold zombies (Ossuary)
  An orc zombie (Ossuary)
  A quokka skeleton (D:7)
  6 rats
256 creatures vanquished.

Vanquished Creatures (collateral kills)
  The ghost of Iko the Bolt Thrower, an amateur OgHu of Hepliaklqana (D:6)
  A leopard gecko (D:1)
  An orc (D:5)
  2 jackals (D:1)
  A rat (D:1)
6 creatures vanquished.

Vanquished Creatures (others)
  An orc (D:6)
  6 plants (Lair:1)
7 creatures vanquished.

Grand Total: 269 creatures vanquished

Notes
Turn   | Place    | Note
-------+----------+-------------------------------------------
     0 | D:1      | sking99 the Ogre Transmuter began the quest for the Orb.
     0 | D:1      | Reached XP level 1. HP: 19/19 MP: 3/3
   364 | D:1      | Reached XP level 2. HP: 19/28 MP: 5/5
   373 | D:1      | Reached skill level 2 in Fighting
   540 | D:1      | Learned a level 2 spell: Sticks to Snakes
   865 | D:1      | Reached XP level 3. HP: 35/36 MP: 6/6
   870 | D:1      | Learned a level 3 spell: Spider Form
  2109 | D:2      | Reached XP level 4. HP: 42/44 MP: 8/8
  2414 | D:3      | Reached skill level 1 in Poison Magic
  2414 | D:3      | Reached XP level 5. HP: 44/50 MP: 6/9
  2902 | D:3      | Found a sparkling altar of Nemelex Xobeh.
  3229 | D:4      | Found Rafasobb's Distillery.
  3235 | D:4      | Bought a potion of heal wounds for 70 gold pieces
  3318 | D:4      | Found a hazy altar of Hepliaklqana.
  3414 | D:4      | Reached XP level 6. HP: 14/59 MP: 3/10
  3728 | D:4      | Noticed a phantom
  3805 | D:4      | Killed a phantom
  3805 | D:4      | Reached skill level 3 in Fighting
  4214 | D:4      | Reached XP level 7. HP: 68/68 MP: 7/11
  4456 | D:5      | Entered Level 5 of the Dungeon
  4537 | D:5      | Reached skill level 4 in Fighting
  4582 | D:5      | Reached skill level 5 in Unarmed Combat
  5207 | D:5      | Found a bloodstained altar of Trog.
  5584 | D:6      | Reached skill level 5 in Fighting
  5584 | D:6      | Reached XP level 8. HP: 78/80 MP: 8/12
  5643 | D:6      | Noticed Edmund
  5677 | D:6      | Killed Edmund
  5908 | D:6      | Noticed Iko's ghost (amateur OgHu)
  6034 | D:6      | Killed Iko's ghost
  6287 | D:6      | Reached skill level 6 in Fighting
  6422 | D:6      | Noticed a gargoyle
  6453 | D:6      | Killed a gargoyle
  6453 | D:6      | Reached skill level 5 in Dodging
  6453 | D:6      | Reached XP level 9. HP: 39/92 MP: 6/13
  6458 | D:6      | Found a shadowy altar of Dithmenos.
  6830 | D:6      | Reached skill level 7 in Fighting
  6841 | D:6      | Found an opulent altar of Gozag.
  6962 | D:7      | Found a staircase to the Ecumenical Temple.
  6971 | Temple   | Entered the Ecumenical Temple
  7219 | D:7      | Found a shattered altar of Ashenzari.
  7562 | D:7      | Noticed Pikel
  7645 | D:7      | Killed Pikel
  7645 | D:7      | Reached skill level 8 in Fighting
  8100 | D:8      | Noticed a manticore
  8105 | D:8      | Noticed a two-headed ogre
  8119 | D:8      | HP: 1/96 [barbs]
  8129 | D:8      | Killed a two-headed ogre
  8129 | D:8      | Reached skill level 9 in Fighting
  8129 | D:8      | Reached XP level 10. HP: 53/107 MP: 14/16
  8134 | D:8      | Killed a manticore
  8446 | D:8      | Noticed an obsidian statue
  8669 | D:8      | Found a sand-covered staircase.
  8677 | Ossuary  | Entered an ossuary
  9266 | D:8      | Reached skill level 5 in Spellcasting
  9290 | D:8      | Learned a level 4 spell: Ice Form
  9398 | D:8      | Reached skill level 1 in Ice Magic
 10099 | D:9      | Found a staircase to the Lair.
 10139 | D:9      | Found a blossoming altar of Fedhas.
 10140 | D:9      | Found a shimmering altar of Xom.
 10142 | D:9      | Found a burning altar of Makhleb.
 10143 | D:9      | Found an ancient bone altar of Kikubaaqudgha.
 10143 | D:9      | Found an ornate altar of the Wu Jian Council.
 10432 | D:9      | Noticed Prince Ribbit
 10449 | D:9      | Killed Prince Ribbit
 10512 | D:9      | Reached XP level 11. HP: 53/117 MP: 16/18
 10831 | D:9      | Found a sacrificial altar of Ru.
 10836 | D:9      | Became a worshipper of Ru the Awakened
 10845 | D:9      | Reached skill level 5 in Transmutations
 10893 | D:9      | Found a radiant altar of Vehumet.
 11322 | D:10     | Entered Level 10 of the Dungeon
 11371 | D:10     | Killed an unseen horror
 11496 | D:10     | Learned a level 5 spell: Blade Hands
 12007 | D:10     | Reached skill level 10 in Fighting
 12071 | D:10     | Found a staircase to the Orcish Mines.
 12100 | D:10     | Gained mutation: You are sensitive to extremes of temperature. (rF-, rC-) [Ru sacrifice]
 12100 | D:10     | Reached * piety under Ru
 12100 | D:10     | Reached ** piety under Ru
 12138 | D:10     | Noticed Psyche
 12146 | D:10     | Killed Psyche
 12146 | D:10     | Reached skill level 5 in Ice Magic
 12261 | D:10     | Noticed a two-headed ogre
 12269 | D:10     | Killed a two-headed ogre
 12735 | Lair:1   | Entered Level 1 of the Lair of Beasts
 13075 | Lair:1   | Reached skill level 1 in Armour
 13422 | Lair:1   | HP: 4/142 [yak (5)]
 13422 | Lair:1   | Mangled by a yak

Skill      XL: |  1  2  3  4  5  6  7  8  9 10 11 |
---------------+----------------------------------+-----
Dodging        | 2 3 4 5 6 7 8 |  8.0
Fighting       | 2 3 5 6 9 10 | 10.8
Unarmed Combat | 3 4 5 7 8 9 |  9.9
Transmutations | 2 4 6 |  6.0
Spellcasting   | 3 4 5 |  5.0
Poison Magic   | 1 |  1.7
Ice Magic      | 4 5 |  5.0
Armour         | 2 |  2.1

Action                   |  1- 3 |  4- 6 |  7- 9 | 10-12 || total
-------------------------+-------+-------+-------+-------++-------
Melee: Unarmed           |   142 |   168 |   311 |   383 ||  1004
       Kick              |     1 |       |       |       ||     1
       Punch             |       |     1 |       |     1 ||     2
       Staff             |       |       |       |    11 ||    11
 Cast: Beastly Appendage |     2 |       |       |       ||     2
       Sticks to Snakes  |     3 |       |    11 |     2 ||    16
       Spider Form       |     4 |    21 |    36 |    36 ||    97
       Ice Form          |       |       |       |    23 ||    23
Invok: Sacrifice Resista |       |       |       |     1 ||     1
  Use: Scroll            |       |     7 |     3 |    10 ||    20
       Potion            |       |       |     6 |     1 ||     7
 Stab: Sleeping          |       |     1 |     1 |       ||     2
       Distracted        |       |       |     1 |     1 ||     2
  Eat: Chunk             |     5 |     5 |    10 |     5 ||    25
       Ration            |       |     1 |     2 |     7 ||    10
Armor: Robe              |    28 |    17 |    11 |    17 ||    73
       Skin              |     2 |     6 |    11 |    25 ||    44
Dodge: Dodged            |    90 |    98 |   258 |   271 ||   717
